 Dungeon Crawl Stone Soup version 0.30-a0-122-g2a1322497e (webtiles) character file.

Game seed: 12542970663533690787

18255 AarnesTheHuman the Geomancer (level 12, -6/72 HPs)
             Began as a Gargoyle Earth Elementalist on Sept 15, 2022.
             Was an Elder of Vehumet.
             Mangled by a boulder beetle (18 damage)
             ... on level 1 of the Lair of Beasts.
             The game lasted 00:38:28 (14004 turns).

AarnesTheHuman the Geomancer (GrEE)                Turns: 14004, Time: 00:38:28

Health: -6/72      AC: 18    Str: 12    XL:     12   Next: 56%
Magic:  3/25       EV: 11    Int: 21    God:    Vehumet [****..]
Gold:   857        SH:  3    Dex: 16    Spells: 9/29 levels left

rFire   . . .      SeeInvis .    a - +4 hand axe (vamp)
rCold   . . .      Faith    .    q - +0 buckler
rNeg    + . .      Spirit   .    K - +2 robe {Will+}
rPois   ∞          Reflect  .    (no helmet)
rElec   +          Harm     .    H - +1 cloak
rCorr   .          Rampage  .    F - +2 pair of gloves
Will    +....                    (no boots)
Stlth   ++........               u - amulet of regeneration
HPRegen 1.02/turn                e - +4 ring of slaying
MPRegen 0.19/turn                G - +6 ring of dexterity

@: freezing walls
A: sickness immunity, AC +8, negative energy resistance 1, electricity
resistance, torment resistance 1, petrification resistance
a: Renounce Religion


You were on level 1 of the Lair of Beasts.
You worshipped Vehumet.
Vehumet was greatly pleased with you.
You visited 3 branches of the dungeon, and saw 13 of its levels.
You also visited: Ossuary.

You collected 857 gold pieces.

Inventory:

Hand Weapons
 a - a +4 vampiric hand axe (weapon)
 b - a +0 whip of electrocution
 R - a +5 mace of freezing
Missiles
 d - 132 stones
 k - 5 atropa-tipped darts (quivered)
 C - 2 throwing nets
Armour
 f - a +4 chain mail of willpower
 q - a +0 buckler (worn)
 F - a +2 pair of gloves (worn)
 H - a +1 cloak (worn)
 K - a +2 robe of willpower (worn)
 L - +0 acid dragon scales
Jewellery
 e - a +4 ring of slaying (left hand)
 o - a ring of ice
 u - an amulet of regeneration (around neck)
 D - a ring of positive energy
 G - a +6 ring of dexterity (right hand)
 N - a ring of positive energy
 U - an amulet of magic regeneration
Wands
 r - a wand of iceblast (19)
 E - a wand of flame (33)
 I - a wand of acid (11)
 M - a wand of digging (5)
 T - a wand of mindburst (14)
Scrolls
 i - 9 scrolls of teleportation
 l - 5 scrolls of blinking
 m - 3 scrolls of enchant armour
 p - a scroll of magic mapping
 w - a scroll of summoning
 x - 2 scrolls of immolation
 y - 3 scrolls of fear {unknown}
 J - a scroll of amnesia
 O - 4 scrolls of identify
 P - a scroll of brand weapon
 S - a scroll of fog
Potions
 c - 6 potions of curing
 g - 5 potions of mutation {unknown}
 h - 4 potions of magic
 j - 3 potions of might
 n - 2 potions of cancellation
 s - 3 potions of ambrosia {unknown}
 t - 2 potions of berserk rage {unknown}
 v - 2 potions of degeneration {unknown}
 z - 2 potions of attraction {unknown}
 A - 5 potions of haste
 B - a potion of heal wounds
 Q - a potion of resistance {unknown}


   Skills:
 - Level 7.5 Fighting
 - Level 8.0 Axes
 - Level 4.0 Armour
 - Level 1.5 Dodging
 - Level 2.1 Stealth
 + Level 9.1 Spellcasting
 - Level 7.0 Conjurations
 + Level 5.7 Necromancy
 - Level 0.7 Transmutations
 - Level 6.0 Ice Magic
 - Level 10.0 Earth Magic


You had 9 spell levels left.
You knew the following spells:

 Your Spells              Type           Power      Damage    Failure   Level
a - Sandblast             Erth           100%       2d20      1%          1
b - Stone Arrow           Conj/Erth      90%        3d12      1%          3
c - Foxfire               Conj/Fire      96%        2x1d8     1%          1
d - Borgnjor's Vile Clut  Necr/Erth      21%        N/A       11%         5
e - Magic Dart            Conj           100%       1d8       1%          1
f - Freeze                Ice            100%       1d11      1%          1
g - Frozen Ramparts       Ice            68%        1d11      1%          3
h - Mephitic Cloud        Conj/Pois/Air  19%        N/A       3%          3
i - Passwall              Tmut/Erth      26%        N/A       1%          2

Your spell library contained the following spells:

 Spells                   Type           Power      Damage    Failure   Level
 Arcjolt                  Conj/Air       12%        1d22      17%         5
 Necrotise                Necr           100%       1d9       1%          1
 Hailstorm                Conj/Ice       36%        3d9       1%          4
 Animate Dead             Necr           33%        N/A       9%          4
 Apportation              Tloc           18%        N/A       10%         1
 Summon Small Mammal      Summ           36%        N/A       10%         1
 Petrify                  Tmut/Erth      32%        N/A       11%         4
 Call Imp                 Summ           9%         N/A       14%         2
 Irradiate                Conj/Tmut      12%        3d15      16%         5
 Ice Form                 Ice/Tmut       23%        N/A       24%         4
 Simulacrum               Ice/Necr       17%        N/A       78%         6
 Death Channel            Necr           16%        N/A       80%         6
 Blade Hands              Tmut           6%         N/A       89%         5
 Dragon Form              Tmut           6%         N/A       100%        7
 Chain Lightning          Conj/Air       12%        3d16      100%        9
 Fire Storm               Conj/Fire      12%        8d3       100%        9
 Shatter                  Erth           25%        3d22*     100%        9


Dungeon Overview and Level Annotations

Branches:
Dungeon (11/15)            Temple (1/1) D:5            Lair (1/5) D:10
    Orc (0/2) D:11        Ossuary (visited)

Altars:
Ashenzari
Cheibriados
Dithmenos
Elyvilon
Fedhas
Gozag
Hepliaklqana
Kikubaaqudgha
Makhleb
Nemelex Xobeh
Okawaru
Qazlal
Ru
Sif Muna
Trog
Uskayaw
Vehumet
Wu Jian
Xom
Yredelemnul
Zin
The Shining One

Shops:
D:6 [   D:7 (

Annotations:
D:4 1 runed translucent door, exclusion: door, fly's ghost, amateur DgDe
D:5 exclusion: orc priest
D:10 exclusion: downstairs
D:11 exclusion: orange crystal statue
Lair:1 2 transporters, TotallyNotGC's ghost, journeyman MiBe


Innate Abilities, Weirdness & Mutations

You are immune to sickness and miasma.
Your stone body is resilient. (AC +8)
You are immune to poison.
You resist negative energy. (rN+)
You are resistant to electric shocks. (rElec)
You are resistant to unholy torment.
You are immune to petrification.


Message History

You hear a croak.
You hear a roar!
You hit the boulder beetle but do no damage.
The boulder beetle is heavily wounded.
The boulder beetle misses you.
You hit the boulder beetle but do no damage.
The boulder beetle is heavily wounded.
The boulder beetle bites you!
You hit the boulder beetle.
You feel better.
The boulder beetle is heavily wounded.
The boulder beetle bites you but does no damage.
You hit the boulder beetle but do no damage.
The boulder beetle is heavily wounded.
The boulder beetle barely misses you.
You hit the boulder beetle but do no damage.
The boulder beetle is heavily wounded.
The boulder beetle completely misses you.
You hit the boulder beetle but do no damage.
The boulder beetle is heavily wounded.
The boulder beetle bites you!
You hit the boulder beetle but do no damage.
The boulder beetle is heavily wounded.
The boulder beetle bites you!
You hit the boulder beetle but do no damage.
The boulder beetle is heavily wounded.
The boulder beetle bites you but does no damage.
You hit the boulder beetle but do no damage.
The boulder beetle is heavily wounded.
The boulder beetle leaps!
The boulder beetle curls into a ball and begins rolling!
The boulder beetle hits you!!
* * * LOW HITPOINT WARNING * * *
The boulder beetle stops rolling and uncurls.
Casting: Mephitic Cloud (dangerous; 3% risk of failure)
Confirm with . or Enter, or press ? or * to list all spells.
Casting: Frozen Ramparts (safe; 1% risk of failure)
Press: ? - help, Dir - look around, f - activate The walls around you are covered in ice.
The wall freezes the boulder beetle but does no damage.
The boulder beetle bites you!!
You die...

..##.°..## ...
..##..°..# ....
#####...○# ##....
####.....### ####......
...........####.......#
.#............##.....#
....#....#.##.°.....#
.....#...######B..#.#
##...#......# ##@...#
8##..#......# ##....#
.F#..####...##.#....#
..#..###...# ....##.#
..#...#....# ....##.#
..#..#.#...##..>..#.#
..#................
..#..#.#..#.....##
..#..####........#


You could see a boulder beetle.

Vanquished Creatures
  Pikel (D:5)
  A cyclops (D:11)
  2 black mambas (Lair:1)
  2 cane toads (Lair:1)
  A komodo dragon (Lair:1)
  A hornet (D:8)
  2 trolls
  2 polar bears (Lair:1)
  5 blink frogs (Lair:1)
  Sigmund (D:6)
  2 shadows
  A basilisk (Lair:1)
  40 yaks
  4 wyverns
  A steam dragon (D:7)
  5 vampire mosquitoes
  2 acid dragons
  3 water moccasins
  Duvessa (D:6)
  A sky beast (D:7)
  4 black bears
  5 ice beasts
  6 orc warriors
  4 centaurs
  9 ogres
  A phantom (D:5)
  A kobold brigand (D:9)
  2 bullfrogs (D:8)
  A necrophage (D:5)
  7 gnoll sergeants
  2 scorpions (D:6)
  9 wights
  Dowan (D:6)
  8 killer bees (D:10)
  3 howler monkeys
  3 centaur zombies (Ossuary)
  7 hounds
  4 orc priests
  A gnoll bouda (D:7)
  4 iguanas
  11 orc wizards
  2 ogre zombies (Ossuary)
  7 mummies (Ossuary)
  19 gnolls
  An adder (D:2)
  A shadow imp (D:8)
  2 ufetubi
  7 adder zombies (Ossuary)
  2 dart slugs
  33 orcs
  5 bats
  6 endoplasms
  6 giant cockroaches
  5 goblins
  6 hobgoblins
  4 jackals (D:2)
  8 kobolds
  3 quokkas
  8 ball pythons
  3 frilled lizards
  A gnoll zombie (Ossuary)
  A goblin zombie (Ossuary)
  7 hobgoblin zombies (Ossuary)
  An orc zombie (Ossuary)
  4 quokka zombies (Ossuary)
  8 rats
  4 rat zombies (Ossuary)
325 creatures vanquished.

Vanquished Creatures (others)
  3 foxfires (D:8)
  3 fungi
  8 plants
14 creatures vanquished.

Grand Total: 339 creatures vanquished

Notes
Turn   | Place    | Note
-------+----------+-------------------------------------------
     0 | D:1      | AarnesTheHuman the Gargoyle Earth Elementalist began the
                  | quest for the Orb.
     0 | D:1      | Reached XP level 1. HP: 10/10 MP: 3/3
   262 | D:1      | Reached skill level 4 in Earth Magic
   262 | D:1      | Reached XP level 2. HP: 15/15 MP: 1/5
   899 | D:2      | Reached XP level 3. HP: 19/19 MP: 2/6
   903 | D:2      | Learned a level 3 spell: Stone Arrow
  1323 | D:2      | Reached skill level 1 in Conjurations
  1479 | D:3      | You fall into a shaft and drop 1 floor!
  1488 | D:4      | Found a broken altar of Ashenzari.
  1533 | D:4      | Reached XP level 4. HP: 24/24 MP: 5/8
  1616 | D:4      | Found a sand-covered staircase.
  1624 | Ossuary  | Entered an ossuary
  1631 | Ossuary  | Reached skill level 5 in Earth Magic
  1857 | Ossuary  | Reached XP level 5. HP: 15/28 MP: 6/9
  2380 | Ossuary  | Reached XP level 6. HP: 32/32 MP: 11/11
  2513 | Ossuary  | Reached skill level 6 in Earth Magic
  2670 | D:3      | Found a shimmering altar of Xom.
  2832 | D:3      | Found an ancient bone altar of Kikubaaqudgha.
  3534 | D:4      | Identified a scroll of acquirement
  3534 | D:4      | Acquired a +4 chain mail of willpower
  3700 | D:4      | Reached XP level 7. HP: 36/36 MP: 7/13
  3756 | D:4      | Found a runed translucent door.
  3761 | D:4      | Noticed fly's ghost (amateur DgDe)
  3827 | D:4      | Found a white marble altar of Elyvilon.
  4241 | D:5      | Entered Level 5 of the Dungeon
  4314 | D:5      | Found a staircase to the Ecumenical Temple.
  4328 | Temple   | Entered the Ecumenical Temple
  4472 | Temple   | Became a worshipper of Vehumet
  4518 | D:5      | Found a hazy altar of Hepliaklqana.
  4776 | D:5      | Reached skill level 5 in Spellcasting
  4785 | D:5      | Reached skill level 5 in Conjurations
  4785 | D:5      | Reached skill level 1 in Fighting
  4785 | D:5      | Reached skill level 1 in Armour
  5145 | D:5      | Reached XP level 8. HP: 45/45 MP: 11/15
  5834 | D:6      | Noticed Pikel
  5849 | D:6      | Noticed Sigmund
  5880 | D:5      | Killed Pikel
  5881 | D:5      | Reached skill level 5 in Fighting
  5970 | D:6      | Killed Sigmund
  5971 | D:6      | Reached XP level 9. HP: 54/54 MP: 10/17
  6072 | D:6      | Found a bloodstained altar of Trog.
  6077 | D:6      | Reached skill level 7 in Earth Magic
  6247 | D:6      | Reached * piety under Vehumet
  6247 | D:6      | Offered knowledge of Foxfire by Vehumet.
  6410 | D:6      | Reached skill level 1 in Axes
  6512 | D:6      | Noticed Duvessa
  6512 | D:6      | Noticed Dowan
  6515 | D:6      | Killed Duvessa
  6524 | D:6      | Killed Dowan
  6798 | D:6      | Found Kouk's Armour Shop.
  7228 | D:6      | Found a shadowy altar of Dithmenos.
  7728 | D:7      | Reached skill level 8 in Earth Magic
  8051 | D:7      | Reached XP level 10. HP: 59/59 MP: 13/20
  8098 | D:7      | Found Komaus's Antique Weapon Shop.
  8301 | D:7      | Found a stormy altar of Qazlal.
  8515 | D:8      | Reached skill level 5 in Axes
  8517 | D:8      | Learned a level 1 spell: Foxfire
  8745 | D:8      | Reached ** piety under Vehumet
  8762 | D:8      | Offered knowledge of Freeze by Vehumet.
  9213 | D:8      | Learned a level 5 spell: Borgnjor's Vile Clutch
  9328 | D:8      | Found a basalt altar of Yredelemnul.
  9328 | D:8      | Found an iron altar of Okawaru.
  9439 | D:8      | Learned a level 1 spell: Magic Dart
  9630 | D:9      | Reached skill level 1 in Necromancy
 10077 | D:9      | Reached XP level 11. HP: 64/64 MP: 22/22
 10374 | D:8      | Learned a level 1 spell: Freeze
 10677 | D:9      | Offered knowledge of Frozen Ramparts by Vehumet.
 10678 | D:9      | Reached skill level 9 in Earth Magic
 10681 | D:9      | Reached skill level 1 in Ice Magic
 11068 | D:10     | Entered Level 10 of the Dungeon
 11278 | D:10     | Reached *** piety under Vehumet
 11283 | D:10     | Learned a level 3 spell: Frozen Ramparts
 11639 | D:10     | Identified the +6 arbalest "Grim Tooth" {penet, rN+}
 11859 | D:10     | Found a staircase to the Lair.
 11869 | D:10     | Offered knowledge of Airstrike by Vehumet.
 12573 | D:11     | Reached skill level 5 in Ice Magic
 12721 | D:11     | Noticed a cyclops
 12733 | D:11     | Killed a cyclops
 12855 | D:11     | Learned a level 3 spell: Mephitic Cloud
 12858 | D:11     | Learned a level 2 spell: Passwall
 13162 | D:11     | Noticed an orange crystal statue
 13246 | D:11     | Found a staircase to the Orcish Mines.
 13277 | D:11     | Reached **** piety under Vehumet
 13320 | D:11     | Reached XP level 12. HP: 36/71 MP: 2/24
 13327 | D:11     | Offered knowledge of Arcjolt by Vehumet.
 13524 | Lair:1   | Entered Level 1 of the Lair of Beasts
 13671 | Lair:1   | Reached skill level 10 in Earth Magic
 13696 | Lair:1   | Reached skill level 5 in Necromancy
 13723 | Lair:1   | Found a transporter.
 13726 | Lair:1   | Noticed TotallyNotGC's ghost (journeyman MiBe)
 13866 | Lair:1   | Noticed a boulder beetle
 13869 | Lair:1   | Found a transporter.
 13874 | Lair:1   | Found the +7 staff of the Meek {protect, meekguard}
 14004 | Lair:1   | Mangled by a boulder beetle

Illustrated notes

Levels and vault maps discovered:
D:1:      eino_arrival_water_star, layout_loops_cross, palyth_stone_intersect,
          serial_bayou_pond_e
D:2:      minmay_alternating_diamond, layout_rooms,
          chequers_serial_rivers_micro_b
D:3:      layout_loops_ring, mainiacjoe_overflow_tiny_flanked,
          old_standard_altar, serial_co_window_serial,
          co_window_of_opportunity_a, co_window_of_opportunity_a,
          co_window_corner_a, co_window_paths_a, co_window_paths_a,
          co_window_broadway_b, co_window_2corner, co_window_corner_b,
          co_window_broadway_c, glass_columns_a, glass_columns_a
D:4:      layout_loops_ring, mainiacjoe_overflow_chevrons, lemuel_doored_altar,
          ebering_ghost_sewer_d, enter_ossuary_1
D:5:      layout_layer_cave, general_overflow_altar, minmay_temple_entry_slanted
D:6:      layout_basic, kennysheep_little_box, trog_butcher_becter,
          serial_shops, nicolae_shop_crystal, nicolae_sextant, uniq_sigmund,
          uniq_duvessa, uniq_pikel
D:7:      layout_cave_pools, grunt_qazlal_clouds, serial_shops, shop
D:8:      layout_cave_pools, gammafunk_temple_overflow_wave, serial_park,
          serial_park_avenue1, serial_park_gazebo [serial_park_minivault_5x5_3]
D:9:      layout_stronghold
D:10:     layout_loops_cross, grunt_lair_entry_orc_guard_hut
D:11:     layout_loops_cross, kennysheep_orc_monster_closet_entryway,
          minivault_16
Temple:   hellmonk_temple_flake
Lair:1:   layout_misc_corridors, gammafunk_ghost_arena,
          portal_ice_cave_demonic_guard, infiniplex_staircase_pool_2,
          lemuel_fruit_fields

Skill      XL: |  1  2  3  4  5  6  7  8  9 10 11 12 |
---------------+-------------------------------------+-----
Earth Magic    | 4 5 6 8 9 10 | 10.0
Conjurations   | 1 2 3 5 7 |  7.0
Spellcasting   | 3 4 5 7 8 9 |  9.1
Fighting       | 2 5 6 7 |  7.5
Armour         | 2 4 |  4.0
Axes           | 4 7 8 |  8.0
Necromancy     | 2 3 5 |  5.7
Ice Magic      | 6 |  6.0
Dodging        | |  1.5
Stealth        | |  2.1
Transmutations | |  0.7

Action                   |  1- 3 |  4- 6 |  7- 9 | 10-12 || total
-------------------------+-------+-------+-------+-------++-------
Melee: Dagger            |    10 |       |       |       ||    10
       Flail             |     5 |   103 |    20 |       ||   128
       Hand axe          |       |       |   109 |   324 ||   433
       Punch             |       |       |     2 |       ||     2
       Whip              |       |       |       |     1 ||     1
Throw: Dart              |       |     2 |     1 |       ||     3
 Cast: Sandblast         |    49 |    28 |    42 |     1 ||   120
       Stone Arrow       |       |     1 |    70 |   181 ||   252
       Magic Dart        |       |       |       |    42 ||    42
       Foxfire           |       |       |       |     2 ||     2
       Frozen Ramparts   |       |       |       |    21 ||    21
       Mephitic Cloud    |       |       |       |     2 ||     2
Evoke: Wand              |       |     2 |       |       ||     2
  Use: Scroll            |       |    16 |     2 |     2 ||    20
       Potion            |       |       |     1 |     3 ||     4
 Stab: Sleeping          |       |     7 |       |     1 ||     8
       Distracted        |       |       |     1 |       ||     1
       Confused          |       |       |       |     2 ||     2
Armor: Robe              |    12 |    56 |   124 |   184 ||   376
Dodge: Dodged            |    21 |    53 |   124 |   205 ||   403
Block: Buckler           |       |       |     4 |    57 ||    61

Table legend: (Time is in decaauts)
 A = Elapsed time spent in this place.
 B = Non-inter-level travel time spent in this place.
 C = Inter-level travel time spent in this place.
 D = Time resting spent in this place.
 E = Time spent auto-exploring this place.
 F = Levels seen in this place.
 G = Mean time per level.
                   A        B        C        D        E       F      G
               +--------+--------+--------+--------+--------+-----+--------+
         Total |  14140 |  13648 |    492 |   1636 |   9173 |  14 | 1010.0 |
       Dungeon |  12438 |  11957 |    481 |   1415 |   8315 |  11 | 1130.7 |
        Temple |    155 |    144 |     11 |      0 |    130 |   1 |  155.0 |
          Lair |    478 |    478 |      0 |     42 |     79 |   1 |  478.0 |
       Ossuary |   1068 |   1068 |      0 |    179 |    648 |   1 | 1068.0 |
               +--------+--------+--------+--------+--------+-----+--------+

Top non-repeatable levels by time:
     D:9: 1549 daAuts
     D:6: 1532 daAuts
     D:5: 1527 daAuts
     D:8: 1218 daAuts
    D:10: 1193 daAuts
    D:11: 1071 daAuts
 Ossuary: 1068 daAuts
     D:4: 1012 daAuts
     D:7: 933 daAuts
     D:3: 896 daAuts
     D:1: 818 daAuts
     D:2: 682 daAuts
  Lair:1: 478 daAuts
  Temple: 155 daAuts
